 Dungeon Crawl Stone Soup version 0.21.0-3-g78d12a8bdd (webtiles) character file.

1549 Principatus the Cleaver (level 8, -4/70 HPs)
             Began as a Minotaur Fighter on Jan 8, 2018.
             Was a Believer of Makhleb.
             Killed from afar by Pikel (13 damage)
             ... with a wand of acid (10)
             ... on level 5 of the Dungeon.
             The game lasted 00:14:10 (5065 turns).

Principatus the Cleaver (Minotaur Fighter)          Turns: 5065, Time: 00:14:11

Health: -4/70      AC:  7    Str: 21    XL:     8   Next: 57%
Magic:  7/7        EV:  8    Int:  5    God:    Makhleb [**....]
Gold:   327        SH:  0    Dex: 12    Spells: 7/7 levels left

rFire    . . .     SeeInvis .   b - +3 hand axe
rCold    . . .     Gourm    .   c - +0 shield
rNeg     . . .     Faith    .   s - +0 scale mail
rPois    +         Spirit   .   y - +1 hat
rElec    .         Reflect  .   (no cloak)
rCorr    .         Harm     .   (no gloves)
MR       .....                  (no boots)
Stlth    ..........             (no amulet)
HPRegen  0.21/turn              w - ring of poison resistance
MPRegen  0.10/turn              (no ring)

@: confused
A: retaliatory headbutt, horns 2
a: Minor Destruction, Renounce Religion


You were on level 5 of the Dungeon.
You worshipped Makhleb.
Makhleb was pleased with you.
You were hungry.

You visited 1 branch of the dungeon, and saw 5 of its levels.

You collected 327 gold pieces.

Inventory:

Hand Weapons
 a - a +1 hunting sling of freezing
 b - a +3 hand axe (weapon)
 j - a +0 war axe
 l - a cursed -2 dagger
 I - a +0 hunting sling
Missiles
 i - 124 stones (quivered)
 J - 55 sling bullets
Armour
 c - a +0 shield (worn)
 s - a +0 scale mail (worn)
 y - a +1 hat (worn)
Jewellery
 w - a ring of poison resistance (left hand)
 K - a +2 ring of intelligence {unknown}
Wands
 N - a wand of acid (12)
Scrolls
 h - a scroll of immolation
 m - 2 scrolls of blinking
 n - 3 scrolls of identify
 o - a scroll of amnesia {unknown}
 p - a scroll of magic mapping
 r - 2 scrolls of remove curse
 t - a scroll of enchant weapon {unknown}
 u - 4 scrolls of teleportation {unknown}
 v - a scroll of enchant armour {unknown}
 x - a scroll of random uselessness {unknown}
 D - 2 scrolls of fog {unknown}
 F - 2 scrolls of fear {unknown}
 H - a scroll of noise {unknown}
Potions
 d - a potion of might
 e - a potion of ambrosia
 g - a potion of haste {unknown}
 k - a potion of flight {unknown}
 q - 2 potions of resistance {unknown}
 z - 2 potions of berserk rage
 A - 2 potions of degeneration
 B - 2 potions of magic {unknown}
 C - 2 potions of agility {unknown}
 G - 2 potions of invisibility {unknown}
 L - a potion of mutation {unknown}
 O - a potion of curing {unknown}
 P - a potion of heal wounds {unknown}
Books
 M - a book of Battle

   Spells                             Type                      Level
   a - Infusion                       Charms                       1
   b - Shroud of Golubria             Charms/Translocation         2
   c - Song of Slaying                Charms                       2
   d - Spectral Weapon                Hexes/Charms                 3
   e - Regeneration                   Charms/Necromancy            3
Comestibles
 f - 8 rations


   Skills:
 + Level 6.2 Fighting
 + Level 10.8 Axes
 - Level 3.6 Armour
 + Level 6.3 Shields


You had 7 spell levels left.
You didn't know any spells.

Dungeon Overview and Level Annotations

Branches:
Dungeon (5/15)             Temple (0/1) D:5

Altars:
Ashenzari
Makhleb
Ru
Uskayaw

Annotations:
D:5 Pikel


Innate Abilities, Weirdness & Mutations

You reflexively headbutt those who attack you in melee.
You have a pair of horns on your head.


Message History

Pikel barely misses you. You furiously retaliate!
You headbutt Pikel. You slash Pikel!
Pikel is heavily wounded.
Your shield and scale mail prevent you from hitting Pikel.
You headbutt Pikel.
Pikel is heavily wounded.
Pikel hits you with a whip of freezing. Pikel freezes you.
You closely miss Pikel.
Pikel is heavily wounded.
Pikel zaps a wand.
The bolt of acid hits you!
You are splashed with acid!
The acid burns!
It is a wand of acid (11).
You hit Pikel. Your headbutt misses Pikel.
Pikel is severely wounded.
Pikel zaps a wand.
The bolt of acid hits you!
* * * LOW HITPOINT WARNING * * *
You are splashed with acid!
The acid burns!
* * * LOW HITPOINT WARNING * * *
You are confused.
You feel invigorated.
Pikel zaps a wand.
The bolt of acid hits you!
You die...

....#.#>............#.##.#####..#
###.#...##.##.##.##.#)##........#
# #....###.##.##.##.#........##.#
# #######........##.#.####...##.#
# #.###.##.##.#........>..# ####
#.# #.##.##.######...#
...######.###.......# #...#
...#[........###.#### #...#
...#.......#.# #@# ######...####
...#.......# # #K##..............
.>.#.......# ##pp...............
...#.......# #pp##..............
...#.......# #'## ######...####
######.....#.....K.# ####...# # #
#####.#.......# ##.##)..# # #
.'...>...###...#...#### ######
###.......##........#...


You could see Pikel and 4 slaves.

Vanquished Creatures
  A hippogriff (D:5)
  Eustachio (D:5)
  The ghost of KamiKatze the Covered, an amateur VSFi of Uskayaw (D:4)
  An ice beast (D:5)
  4 ogres
  A big kobold (D:4)
  A hound (D:4)
  4 orc priests
  5 orc wizards
  A bullfrog skeleton (D:4)
  Ijyb (D:5)
  Terence (D:3)
  A worker ant (D:4)
  A hound zombie (D:5)
  A hound skeleton (D:4)
  4 adders
  3 river rats (D:3)
  A shadow imp (D:5)
  2 oozes (D:1)
  4 dart slugs
  8 leopard geckos
  23 orcs
  6 giant cockroaches
  7 goblins
  8 hobgoblins
  6 jackals
  12 kobolds
  A quokka (D:3)
  A ball python (D:5)
  9 bats
  7 frilled lizards
  A leopard gecko skeleton (D:2)
  12 rats
  2 fungi (D:4)
  2 plants (D:4)
144 creatures vanquished.

Vanquished Creatures (others)
  2 fungi (D:4)
2 creatures vanquished.

Grand Total: 146 creatures vanquished

Notes
Turn   | Place    | Note
-------+----------+-------------------------------------------
     0 | D:1      | Principatus the Minotaur Fighter began the quest for the Orb.
     0 | D:1      | Reached XP level 1. HP: 19/19 MP: 0/0
    14 | D:1      | Reached skill level 3 in Axes
    43 | D:1      | Reached XP level 2. HP: 26/26 MP: 1/1
   223 | D:1      | Reached skill level 4 in Axes
   288 | D:1      | Reached XP level 3. HP: 31/31 MP: 2/2
   819 | D:2      | Found a shattered altar of Ashenzari.
   843 | D:2      | Reached skill level 5 in Axes
   981 | D:2      | Reached XP level 4. HP: 36/39 MP: 3/3
  1362 | D:2      | Found a sacrificial altar of Ru.
  1386 | D:2      | Reached skill level 6 in Axes
  1534 | D:3      | Found a burning altar of Makhleb.
  1537 | D:3      | Became a worshipper of Makhleb the Destroyer
  1546 | D:3      | Noticed Terence
  1559 | D:3      | Killed Terence
  1559 | D:3      | Reached XP level 5. HP: 32/45 MP: 4/4
  2288 | D:3      | Reached * piety under Makhleb
  2293 | D:3      | Reached skill level 7 in Axes
  2501 | D:4      | Noticed KamiKatze's ghost (amateur VSFi)
  2513 | D:4      | Killed KamiKatze's ghost
  2513 | D:4      | Reached skill level 8 in Axes
  2513 | D:4      | Reached XP level 6. HP: 24/51 MP: 5/5
  2517 | D:3      | HP: 1/51 [orc priest/divine providence (13)]
  2881 | D:4      | Found a hide-covered altar of Uskayaw.
  2972 | D:4      | Reached skill level 9 in Axes
  2972 | D:4      | Reached XP level 7. HP: 34/57 MP: 6/6
  3579 | D:4      | Reached ** piety under Makhleb
  3824 | D:5      | Entered Level 5 of the Dungeon
  4080 | D:5      | Noticed Ijyb
  4098 | D:5      | Killed Ijyb
  4098 | D:5      | Reached skill level 10 in Axes
  4312 | D:5      | Reached XP level 8. HP: 67/67 MP: 7/7
  4341 | D:5      | Noticed Eustachio
  4355 | D:5      | Reached skill level 5 in Fighting
  4355 | D:5      | Reached skill level 5 in Shields
  4371 | D:5      | Killed Eustachio
  4516 | D:5      | Noticed a hippogriff
  4530 | D:5      | Killed a hippogriff
  5041 | D:5      | Found a staircase to the Ecumenical Temple.
  5045 | D:5      | Noticed Pikel
  5065 | D:5      | Killed from afar by Pikel

Skill      XL: |  1  2  3  4  5  6  7  8 |
---------------+-------------------------+-----
Axes           | 3 4 5 6 8 9 10 | 10.8
Fighting       | 4 6 |  6.2
Shields        | 4 6 |  6.3
Armour         | |  3.6

Action                   |  1- 3 |  4- 6 |  7- 9 || total
-------------------------+-------+-------+-------++-------
Melee: War axe           |    19 |       |       ||    19
       Hand axe          |    60 |   144 |   212 ||   416
       Headbutt          |    12 |    25 |    46 ||    83
 Fire: Hunting sling     |     6 |       |    12 ||    18
Throw: Stone             |     2 |     7 |    13 ||    22
  Use: Scroll            |       |     1 |     4 ||     5
       Potion            |       |     2 |     2 ||     4
  Eat: Chunk             |       |     7 |     6 ||    13
Armor: Scale mail        |    32 |    38 |    42 ||   112
Dodge: Dodged            |    24 |    35 |    40 ||    99
Block: Shield            |    26 |    68 |    54 ||   148
